 Dungeon Crawl Stone Soup version 0.31-a0-229-g1fc7ce93e2 (webtiles) character file.

Game seed: 17958569431516711970

114 qw the Shooter (level 4, 0/27 HPs)
             Began as a Gargoyle Hexslinger on July 6, 2023.
             Slain by an orc priest
             ... wielding a +0 club
              (1 damage)
             ... on level 3 of the Dungeon.
             The game lasted 00:00:43 (1802 turns).

qw the Shooter (Gargoyle Hexslinger)                Turns: 1802, Time: 00:00:44

Health: 0/27       AC:  8    Str: 12    XL:     4   Next: 97%
Magic:  5/5        EV: 10    Int: 13    God:
Gold:   136        SH:  0    Dex: 14    Spells: 4/5 levels left

rFire   . . .        Y - +1 sling
rCold   . . .        (no shield)
rNeg    + . .        f - +0 ring mail
rPois   inf          (no helmet)
rElec   +            (no cloak)
rCorr   .            (no gloves)
SInv    .            (no boots)
Will    .....        e - amulet of the acrobat
Stlth   +            (no ring)
HPRegen 0.24/turn    (no ring)
MPRegen 0.09/turn

%: acrobat
@: no status effects
A: sickness immunity, AC +3, negative energy resistance 1, electricity
resistance, torment resistance 1, petrification resistance
a: no special abilities


You were on level 3 of the Dungeon.
You visited 1 branch of the dungeon, and saw 3 of its levels.

You collected 136 gold pieces.


Innate Abilities, Weirdness & Mutations

You are immune to sickness and miasma.
Your stone body is resilient. (AC +3)
You are immune to poison.
You resist negative energy. (rN+)
You are resistant to electric shocks. (rElec)
You are resistant to unholy torment.
You are immune to petrification.


   Skills:
 - Level 2.8 Fighting
 - Level 4.2 Ranged Weapons
 + Level 0.0 Armour
 - Level 1.5 Dodging
 - Level 1.0 Spellcasting
 - Level 2.6 Hexes


You had 4 spell levels left.
You knew the following spells:

 Your Spells              Type           Power      Damage    Failure   Level
a - Slow                  Hex            28%        N/A       22%         1

Your spell library contained the following spells:

 Spells                   Type           Power      Damage    Failure   Level
 Inner Flame              Hex/Fire       4%         N/A       73%         3
 Portal Projectile        Hex/Tloc       8%         N/A       73%         3
 Cause Fear               Hex            3%         N/A       91%         4

Inventory:

Hand Weapons
 Y - a +1 sling (weapon)
Armour
 b - a +0 helmet
 f - a +0 ring mail (worn)
Jewellery
 c - an amulet of reflection
 e - an amulet of the acrobat (around neck)
Scrolls
 a - a scroll of enchant armour
Potions
 g - a potion of haste
 h - a potion of mutation {unknown}

Dungeon Overview and Level Annotations

Branches:
Dungeon (3/15)

Altars:
Ru


Message History

You shoot a sling bullet. The sling bullet hits the orc wizard.
The orc wizard is heavily wounded.
The orc wizard hits you but does no damage.
The orc completely misses you. The orc hits you but does no damage.
The orc barely misses you.
You shoot a sling bullet. The sling bullet hits the orc wizard.
The orc wizard is severely wounded.
The orc hits you with a +3 whip. The orc barely misses you.
The orc wizard casts a spell at you. The magic dart hits you.
The orc misses you. The orc hits you but does no damage.
You shoot a sling bullet.
The sling bullet hits the orc wizard but does no damage.
The orc wizard is severely wounded.
The orc hits you but does no damage.
The orc wizard gestures at you while chanting.
The magic dart hits you. The orc hits you but does no damage.
The orc closely misses you. The orc barely misses you.
The orc hits you with a +0 dagger. The orc hits you with a +3 whip.
The orc hits you but does no damage.
The orc hits you from afar with a +0 trident.
The orc wizard barely misses you.
You shoot a sling bullet. The sling bullet hits the orc wizard!
You kill the orc wizard!
The orc closely misses you. The orc hits you but does no damage.
The orc closely misses you. The orc misses you. The orc completely misses you.
Your Ranged Weapons skill increases to level 4!
You shoot a sling bullet.
The sling bullet closely misses the orc.
The orc hits you but does no damage. The orc misses you.
The orc barely misses you. The orc closely misses you.
You shoot a sling bullet.
The sling bullet closely misses the orc priest.
The sling bullet hits the orc but does no damage.
The orc hits you with a +0 dagger. The orc priest completely misses you.
The orc hits you but does no damage. The orc hits you with a +0 dagger.
The orc barely misses you. x2; The orc hits you with a +0 dagger.
The orc barely misses you. The orc hits you but does no damage.
The orc hits you with a +0 hand axe. The orc priest hits you with a +0 club.
You die...

#.#....#####.### ..
#...........
########..#.####.##
#......#....# #.#
#.........######.#
#......#..#......#
#......#..#......#
#..oo.....#._..<.#
#oo@...#.#......#
#...oo.....#......#
....#######...%.....#
# .#) #.##.....##.#
#.##........#
#.##........#
#.#.........#
#.#...........
#.#.........##


You could see an orc priest and 5 orcs.

Vanquished Creatures
  Jessica (D:1)
  An orc wizard (D:3)
  2 adders (D:2)
  2 worms
  2 endoplasms (D:1)
  A giant cockroach (D:1)
  6 goblins
  6 hobgoblins
  2 jackals (D:1)
  A quokka (D:2)
  3 ball pythons
  2 bats
  3 frilled lizards
  4 kobolds
  6 rats
42 creatures vanquished.

Notes
Turn   | Place    | Note
-------+----------+-------------------------------------------
     0 | D:1      | qw the Gargoyle Hexslinger began the quest for the Orb.
     0 | D:1      | Reached XP level 1. HP: 12/12 MP: 2/2
     0 | D:1      | 0 ||| qw: Version: 0.3-a-46-gb1f654a
     0 | D:1      | 0 ||| qw: Game counter: 1144
     0 | D:1      | 0 ||| qw: Melee chars always use a shield: true
     0 | D:1      | 0 ||| qw: God list: Okawaru
     0 | D:1      | 0 ||| qw: Allow faded altars: false
     0 | D:1      | 0 ||| qw: Do Orc after clearing Dungeon:15 true
     0 | D:1      | 0 ||| qw: Do second Lair branch before Depths: true
     0 | D:1      | 0 ||| qw: Lair rune preference: random
     0 | D:1      | 0 ||| qw: Goals: Normal
     0 | D:1      | 0 ||| PLANNING D:1-11
   181 | D:1      | Reached XP level 2. HP: 15/16 MP: 3/3
   379 | D:1      | Reached skill level 3 in Ranged Weapons
   784 | D:1      | 784 ||| READING 2 scrolls labelled ANWEYWESIZ.
   785 | D:1      | 785 ||| READING scroll labelled TIDDUA RACZALA.
   786 | D:1      | 786 ||| READING 2 scrolls labelled UCROAMU FIZA.
   787 | D:1      | 787 ||| READING scroll labelled ZESUN WAWNAM.
   788 | D:1      | 788 ||| DROPPING scroll of poison.
   789 | D:1      | 789 ||| DROPPING scroll of fear.
   832 | D:2      | Noticed Jessica
   835 | D:2      | 835 ||| STAIRDANCE
   839 | D:1      | Killed Jessica
   840 | D:1      | Reached XP level 3. HP: 17/22 MP: 4/4
  1095 | D:2      | Reached XP level 4. HP: 27/27 MP: 5/5
  1251 | D:2      | Found a faded altar of an unknown god.
  1529 | D:2      | 1529 ||| UPGRADING to +0 ring mail.
  1539 | D:2      | 1539 ||| DROPPING +0 robe.
  1540 | D:2      | 1540 ||| UPGRADING to amulet of the acrobat.
  1545 | D:2      | 1545 ||| READING scroll labelled WUIGGI EROU.
  1646 | D:2      | 1646 ||| READING scroll labelled NINKU NYIMI.
  1647 | D:2      | 1647 ||| READING scroll labelled MIARGHEU VAFO.
  1648 | D:2      | 1648 ||| DRINKING 2 glowing cyan potions.
  1761 | D:3      | Found a sacrificial altar of Ru.
  1801 | D:3      | Reached skill level 4 in Ranged Weapons
  1802 | D:3      | HP: 3/27 [orc/+0 dagger (4)]
  1802 | D:3      | HP: 1/27 [orc/+0 hand axe (1)]
  1802 | D:3      | Slain by an orc priest

Levels and vault maps discovered:
D:1:      ncdulo_halloftheorcs, layout_basic
D:2:      layout_loops_ring, shapermc_ecumenical_altar_pompeii, uniq_jessica
D:3:      layout_basic, overflow_temple_1_default

Skill      XL: |  1  2  3  4 |
---------------+-------------+-----
Ranged Weapons | 3 4 |  4.2
Fighting       | 2 |  2.8
Dodging        | |  1.5
Spellcasting   | |  1.0
Hexes          | |  2.6

Action                     |  1- 3 |  4- 6 || total
---------------------------+-------+-------++-------
   Fire: Sling             |   104 |    69 ||   173
    Use: Scroll            |     4 |     3 ||     7
         Potion            |       |     1 ||     1
 Armour: Robe              |    14 |     4 ||    18
         Ring mail         |       |    13 ||    13
  Dodge: Dodged            |    42 |    47 ||    89

Table legend:
 A = Non-vault XP
 B = Vault XP
 C = Vault XP percentage of total XP
 D = Non-vault monster count
 E = Vault monster count
 F = Vault count percentage of total count
                 A         B        C        D         E       F
            +---------+---------+-------+---------+---------+-------
      Total |     126 |      37 |  22.7 |      41 |       1 |   2.4
            +---------+---------+-------+---------+---------+-------
        D:1 |      30 |      37 |  55.2 |      19 |       1 |   5.0
        D:2 |      53 |       0 |   0.0 |      18 |       0 |   0.0
        D:3 |      43 |       0 |   0.0 |       4 |       0 |   0.0
            +---------+---------+-------+---------+---------+-------
